 Dungeon Crawl Stone Soup version 0.31-a0-1227-g0136665373 (webtiles) character file.

Game seed: 15476915634489666245

667 LeprechaunX the Changeling (level 7, 0/47 HPs)
             Began as an Octopode Shapeshifter on Dec 14, 2023.
             Was an Initiate of Ashenzari.
             Slain by a sky beast (6 damage)
             ... on level 4 of the Dungeon.
             The game lasted 00:07:19 (3846 turns).

LeprechaunX the Changeling (Octopode Shapeshifter)  Turns: 3846, Time: 00:07:20

Health: 0/47       AC:  1    Str: 13    XL:     7   Next: 57%
Magic:  7/7        EV: 13    Int: 15    God:    Ashenzari [......]
Gold:   31         SH:  0    Dex: 14    Spells: 6/6 levels left

rFire   . .          .
                       - Unarmed
rCold   + + .        (no shield)
rNeg    . . .        (helmet currently unavailable)
rPois   .            (no amulet)
rElec   .            o - ring of protection from cold
rCorr   .            t - ring "Shattered Malaise" {rC+ Int+3, Melee, Comp} (curse)
SInv    .            (no ring)
Will    .....        (no ring)
Stlth   ++           (no ring)
HPRegen 0.27/turn    (no ring)
MPRegen 0.10/turn    (no ring)
                     (no ring)

%: no passive effects
@: beast-form
A: beast (slay +3), almost no armour, amphibious, 8 rings, camouflage 1,
gelatinous body 1, (nimble swimmer 1), tentacles
a: Begin Untransformation, Renounce Religion, Shatter the Chains


You were on level 4 of the Dungeon.
You worshipped Ashenzari.
Ashenzari was noncommittal.
You were a hulking beast.
You visited 2 branches of the dungeon, and saw 5 of its levels.

You collected 156 gold pieces.
You spent 125 gold pieces at shops.

Inventory:

Hand Weapons
 s - the +3 dagger of Mastery {pain, *Noise rPois Will+ Dex+6}
   (You found it on level 3 of the Dungeon)

   Dex+6:     It affects your dexterity (+6).
   rPois:     It protects you from poison Will+: It increases your willpower.
   *Noise:    It may make a loud noise when swung.
Missiles
 j - a throwing net
Armour
 u - a +0 buckler
Jewellery
 h - an amulet of magic regeneration
 o - a ring of protection from cold (left tentacle)
 t - the cursed ring "Shattered Malaise" (right tentacle) {rC+ Int+3, Melee, Comp}
   (You bought it in a shop on level 2 of the Dungeon)

   [ring of protection from cold]

   Int+3:     It affects your intelligence (+3).
   rC+:       It protects you from cold.
   It has a curse which improves the following skills: Melee Combat: Short
   Blades, Long Blades, Axes, Maces & Flails, Polearms, Staves and Unarmed
   Combat.
   Companions: Summonings and Necromancy.
Talismans
 b - a beast talisman
 c - a flux talisman
 k - a maw talisman
Scrolls
 e - a scroll of identify {unknown}
 f - a scroll of fear {unknown}
 g - a scroll of enchant weapon {unknown}
 n - 2 scrolls of blinking {unknown}
 p - a scroll of vulnerability {unknown}
 r - a scroll of noise {unknown}
Potions
 a - a potion of lignification
 d - a potion of degeneration {unknown}
 i - 3 potions of heal wounds {unknown}
 l - a potion of resistance {unknown}
 m - a potion of curing {unknown}
 q - a potion of mutation {unknown}


   Skills:
 + Level 3.7 Fighting
 + Level 1.9 Throwing
 - Level 2.0 Dodging
 + Level 4.8(5.2) Unarmed Combat
 * Level 5.8 Shapeshifting


You had 6 spell levels left.
You didn't know any spells.
Your spell library contained the following spells:

 Spells                   Type           Power      Damage    Failure   Level
 Necrotise                Necr           0%         1d4       26%         1
 Vampiric Draining        Necr           0%         2d6       63%         3
 Agony                    Necr           0%         N/A       100%        5


Dungeon Overview and Level Annotations

Branches:
Dungeon (4/15)             Temple (1/1) D:4

Altars:
Ashenzari
Cheibriados
Elyvilon
Fedhas
Gozag
Hepliaklqana
Kikubaaqudgha
Nemelex Xobeh
Okawaru
Qazlal
Trog
Uskayaw
Vehumet

Shops:
D:2 *

Annotations:
D:2 1 runed translucent door, Crazy Yiuf


Innate Abilities, Weirdness & Mutations

You are a hulking beast.
Your limbs bulge with bestial killing power. (Slay +3)
You cannot wear most types of armour.
You are amphibious.
You can wear up to eight rings at the same time.
Your skin changes colour to match your surroundings (Stealth+).
Your rubbery body absorbs attacks. (AC +1, EV +1)
((You are camouflaged when in or above water. (Stealth+)))
You have tentacles for arms and can constrict up to eight enemies at once.


Message History

A sky beast is nearby!
A sky beast is nearby!
A sky beast is nearby!
Found a stone staircase leading down.
Found a small ivory ring.
There is an iron altar of Okawaru here.
The helpless sky beast fails to defend itself.
You tentacle-slap the sky beast but do no damage.
Your squeeze misses the sky beast.
The sky beast flickers out of sight!
Deactivating autopickup; reactivate with Ctrl-A.
Something hits you but does no damage.
No target in view!
No target in view!
No target in view!
You miss something. You squeeze something. You bludgeon something!
Something hits you. Something shocks you.
You tentacle-slap something. Your squeeze misses something. Something hits you.
Something shocks you.
You completely miss something.
A sky beast appears from thin air!
Reactivating autopickup.
The sky beast closely misses you.
You closely miss the sky beast. You tentacle-slap the sky beast.
You squeeze the sky beast.
The sky beast is almost dead.
The sky beast hits you. The sky beast shocks you.
You closely miss the sky beast.
The sky beast is almost dead.
The sky beast flickers out of sight!
Deactivating autopickup; reactivate with Ctrl-A.
Something hits you. Something shocks you.
You closely miss something. Your squeeze misses something.
Something hits you but does no damage.
You barely miss something. Something hits you.
* * * LOW HITPOINT WARNING * * *
Something shocks you.
* * * LOW HITPOINT WARNING * * *
You miss something. Something hits you.
* * * LOW HITPOINT WARNING * * *
Something shocks you.
You die...

##.....# ### #...####
##.# ## ###.....####...
##.# ##..............
##...###..............#
#.......##............#
###...#..###.......)...
#.......##..<....####
##..h...........##
#...{....##.......####
.......#.#..##..........
.##......>.....###......
#....##....##...#######
#.... #...###.. # #..##
#=.. ##. ##. #.##


There were no monsters in sight!

Vanquished Creatures
  Sigmund (D:2)
  A phantom (D:3)
  A centaur zombie (D:3)
  A hound (D:3)
  2 orc priests (D:3)
  A sleepcap (D:4)
  An iguana (D:4)
  Natasha (thrice) (D:2)
  An orc wizard (D:3)
  A scorpion simulacrum (D:3)
  A hound skeleton (D:3)
  4 gnolls (D:2)
  An adder (D:2)
  An adder zombie (D:3)
  A worm (D:3)
  4 dart slugs
  2 orcs (D:3)
  10 ball pythons
  3 endoplasms
  8 giant cockroaches
  9 goblins
  3 hobgoblins
  3 jackals (D:2)
  4 quokkas
  A ball python zombie (D:3)
  6 bats
  2 frilled lizards
  9 kobolds
  A quokka skeleton (D:3)
  7 rats
93 creatures vanquished.

Notes
Turn   | Place    | Note
-------+----------+-------------------------------------------
     0 | D:1      | LeprechaunX the Octopode Shapeshifter began the quest for
                  | the Orb.
     0 | D:1      | Reached XP level 1. HP: 13/13 MP: 1/1
    42 | D:1      | Reached XP level 2. HP: 18/18 MP: 2/2
   450 | D:1      | Reached XP level 3. HP: 23/23 MP: 3/3
   765 | D:2      | Noticed Natasha
   773 | D:2      | Killed Natasha
   774 | D:2      | Reached XP level 4. HP: 13/29 MP: 4/4
  1193 | D:2      | Found Ocoim's Assorted Antiques.
  1197 | D:2      | Noticed Sigmund
  1209 | D:2      | Killed Sigmund
  1210 | D:2      | Reached skill level 4 in Shapeshifting
  1210 | D:2      | Reached XP level 5. HP: 23/36 MP: 5/5
  1210 | D:2      | Reached XP level 6. HP: 27/41 MP: 6/6
  1279 | D:2      | Found a runed translucent door.
  1280 | D:2      | Noticed Crazy Yiuf
  1605 | D:2      | Noticed Natasha
  1615 | D:2      | Killed Natasha
  1616 | D:2      | Reached skill level 5 in Shapeshifting
  1678 | D:2      | Noticed Natasha
  1683 | D:2      | Killed Natasha
  2306 | D:3      | You fall into a shaft and drop 1 floor!
  2306 | D:4      | Found a staircase to the Ecumenical Temple.
  2313 | Temple   | Entered the Ecumenical Temple
  2319 | Temple   | Became a worshipper of Ashenzari the Shackled
  2356 | D:3      | Found a radiant altar of Vehumet.
  2408 | D:3      | Reached skill level 1 in Throwing
  2611 | D:4      | Reached XP level 7. HP: 41/46 MP: 7/7
  2774 | D:4      | Found an iron altar of Okawaru.
  2983 | D:3      | Found an opulent altar of Gozag.
  3174 | D:3      | Identified the +3 dagger of Mastery {pain, *Noise rPois
                  | Will+ Dex+6}
  3345 | D:2      | Bought a faintly glowing pewter ring for 125 gold pieces
  3345 | D:2      | Identified the ring of Seza Pio {rC+ Int+3} (You bought it
                  | in a shop on level 2 of the Dungeon)
  3846 | D:4      | Slain by a sky beast

Illustrated notes

Levels and vault maps discovered:
D:1:      dpeg_arrival_shelter, layout_loops_ring, minmay_fountain_box,
          grunt_decor_resistance, item_on_display_a
D:2:      layout_loops_ring, serial_rivers, chequers_serial_rivers_marsh,
          chequers_serial_rivers_small_a, chequers_serial_rivers_micro_d,
          chequers_serial_rivers_micro_b, chequers_serial_rivers_large_b,
          serial_shops, nicolae_shop_overgrown_old_shop, uniq_sigmund,
          uniq_crazy_yiuf_cottage, uniq_natasha
D:3:      layout_basic, nicolae_overflow_hidden_temple,
          mainiacjoe_overflow_chevrons, dilly_guarded_unrand_morg
D:4:      layout_cave_pools, mainiacjoe_overflow_tiny_flanked,
          jmf_multi_god_temple2, minmay_temple_entry_wispy,
          gammafunk_ghost_smash, serial_shops, kennysheep_mini_moat,
          uniq_duvessa
Temple:   hellmonk_temple_rainy

Skill      XL: |  1  2  3  4  5  6 |
---------------+-------------------+-----
Fighting       | 2 3 |  3.7
Unarmed Combat | 4 |  4.8
Shapeshifting  | 4 5 |  5.8
Throwing       | 1 |  1.9
Dodging        | |  2.0

Action                     |  1- 3 |  4- 6 |  7- 9 || total
---------------------------+-------+-------+-------++-------
  Melee: Unarmed           |    54 |    80 |    67 ||   201
         Constrict         |    16 |    26 |    18 ||    60
         Tentacles         |    11 |    18 |    13 ||    42
         Punch             |       |     1 |     3 ||     4
 Invoke: Curse Item        |       |       |     1 ||     1
   Stab: Sleeping          |     4 |     5 |     3 ||    12
 Armour: Skin              |    17 |    32 |    32 ||    81
  Dodge: Dodged            |    25 |    46 |    32 ||   103

Table legend: (Time is in decaauts)
 A = Elapsed time spent in this place.
 B = Non-inter-level travel time spent in this place.
 C = Inter-level travel time spent in this place.
 D = Time resting spent in this place.
 E = Time spent auto-exploring this place.
 F = Levels seen in this place.
 G = Mean time per level.
                   A        B        C        D        E       F      G
               +--------+--------+--------+--------+--------+-----+--------+
         Total |   3834 |   3514 |    320 |    340 |   2568 |   5 |  766.8 |
       Dungeon |   3821 |   3501 |    320 |    340 |   2568 |   4 |  955.2 |
        Temple |     12 |     12 |      0 |      0 |      0 |   1 |   12.0 |
               +--------+--------+--------+--------+--------+-----+--------+

Top non-repeatable levels by time:
     D:2: 1474 daAuts
     D:3: 1370 daAuts
     D:1: 708 daAuts
     D:4: 267 daAuts
  Temple: 12 daAuts
